 Dungeon Crawl Stone Soup version 0.28-a0-514-g0d7ab7f379 (webtiles) character file.

Game seed: 2882354408702723924

0 meatgazer the Skirmisher (level 1, -6/18 HPs)
             Began as a Demonspawn Abyssal Knight on Sept 22, 2021.
             Was a Follower of Lugonu.
             Mangled by a thrashing horror (8 damage)
             ... on level 1 of the Abyss.
             The game lasted 00:00:15 (124 turns).

meatgazer the Skirmisher (Demonspawn Abyssal Knight) Turns: 124, Time: 00:00:16

Health: -6/18      AC:  3    Str: 13    XL:     1   Next: 0%
Magic:  2/2        EV: 11    Int: 11    God:    Lugonu [*.....]
Gold:   2          SH:  0    Dex: 13    Spells: 0/0 levels left

rFire   . . .      SeeInvis .   a - +1 falchion
rCold   . . .      Faith    .   (no shield)
rNeg    . . .      Spirit   .   b - +0 leather armour
rPois   .          Reflect  .   (no helmet)
rElec   .          Harm     .   (no cloak)
rCorr   .          Rampage  .   (no gloves)
Will    .....                   (no boots)
Stlth   +.........              (no amulet)
HPRegen 0.06/turn               (no ring)
MPRegen 0.08/turn               (no ring)

@: no status effects
A: no striking features
a: Renounce Religion, Depart the Abyss


You were on level 1 of the Abyss.
You worshipped Lugonu.
Lugonu was aware of your devotion.
You visited 0 branches of the dungeon, and saw 0 of its levels.
You visited the Abyss 1 time.

You collected 2 gold pieces.

Inventory:

Hand Weapons
 a - a +1 falchion (weapon)
Armour
 b - a +0 leather armour (worn)
Jewellery
 e - an amulet of guardian spirit
Scrolls
 c - a scroll of teleportation {unknown}
Potions
 d - 2 potions of ambrosia {unknown}


   Skills:
 + Level 3.0 Fighting
 + Level 1.7 Long Blades
 + Level 1.7 Armour
 + Level 0.8 Dodging
 + Level 2.4 Invocations


You couldn't memorise any spells.
You didn't know any spells.
Your spell library was empty.

Dungeon Overview and Level Annotations

Branches:
Dungeon (0/15)

Altars:


Message History

Welcome, meatgazer the Demonspawn Abyssal Knight.
Will you prevail where others failed? Will you find the Orb of Zot?
Lugonu says: Depart the Abyss and spread corruption, my servant! (use the ability menu to exit the Abyss) Press ? for a list of commands and other information.
Found a corrupted altar of Lugonu.
Found a gateway leading out of the Abyss.
There is a gateway leading out of the Abyss here.
You enter the shallow water.
Moving in this stuff is going to be slow.
Found 9 bolts.
c - a scroll labelled ELIQEB JEUT
d - 2 pink potions
e - an amulet of guardian spirit You now have 2 gold pieces.
A tentacled starspawn materialises.
A tentacle flies out from the starspawn's body!
A starspawn tentacle comes into view.
Tentacles burst from the starspawn's body! 2 starspawn tentacles come into view.
Found 15 gold pieces.
The starspawn tentacle grabs you. The starspawn tentacle constricts you.
You escape the starspawn tentacle's grasp.
The starspawn tentacle misses you.
A thrashing horror comes into view.
The thrashing horror roars!
The thrashing horror misses you. The thrashing horror barely misses you.
The thrashing horror tramples you but does no damage.
The thrashing horror closely misses you.
A small abomination comes into view.
The thrashing horror tramples you!
Ouch! That really hurt!
* * * LOW HITPOINT WARNING * * *
You hold your ground!
The thrashing horror misses you. The thrashing horror tramples you!
You die...

## ##. # ..## #
#. ###... #.
#.##...#
..#.....#
#.###@# #...X#
#.#.x# ### #
#.#.#..## # #.
###.#..# .##..
#.#..#.#.#.##.#
#..##.#... ..##
# .#.X##.# #X#.#
#..###..###....#


You could see a thrashing horror and a small abomination.

Vanquished Creatures (others)
  4 starspawn tentacles (Abyss:1)
4 creatures vanquished.

Notes
Turn   | Place    | Note
-------+----------+-------------------------------------------
     0 | Abyss:1  | meatgazer the Demonspawn Abyssal Knight began the quest for
                  | the Orb.
     0 | Abyss:1  | Reached XP level 1. HP: 18/18 MP: 2/2
   100 | Abyss:1  | Noticed a tentacled starspawn
   112 | Abyss:1  | Noticed a thrashing horror
   118 | Abyss:1  | Noticed a small abomination
   124 | Abyss:1  | Mangled by a thrashing horror

Illustrated notes

Levels and vault maps discovered:
Abyss:1:  base: Temple, minivault_25_ag, base:
Temple

Action                   || total
-------------------------++-------
Armor: Leather armour    ||     1
Dodge: Dodged            ||     5

Table legend: (Time is in decaauts)
 A = Elapsed time spent in this place.
 B = Non-inter-level travel time spent in this place.
 C = Inter-level travel time spent in this place.
 D = Time resting spent in this place.
 E = Time spent auto-exploring this place.
 F = Levels seen in this place.
 G = Mean time per level.
                   A        B        C        D        E       F      G
               +--------+--------+--------+--------+--------+-----+--------+
         Total |    124 |    124 |      0 |      0 |     95 |   1 |  124.0 |
         Abyss |    124 |    124 |      0 |      0 |     95 |   1 |  124.0 |
               +--------+--------+--------+--------+--------+-----+--------+

Top non-repeatable levels by time:
 Abyss:1: 124 daAuts
